 Dungeon Crawl Stone Soup version 0.30-b1-2-g02819fbbbe (webtiles) character file.

Game seed: 9391999090521282277

1334 funkygono the Firebug (level 8, -2/43 HPs)
             Began as a Gargoyle Fire Elementalist on May 25, 2023.
             Was an Initiate of Vehumet.
             Slain by an orc warrior
             ... wielding a +0 mace
              (5 damage)
             ... on level 5 of the Dungeon on May 27, 2023.
             The game lasted 00:15:36 (7693 turns).

funkygono the Firebug (Gargoyle Fire Elementalist)  Turns: 7693, Time: 00:15:37

Health: -2/43      AC: 11    Str: 13    XL:     8   Next: 61%
Magic:  16/16      EV: 11    Int: 17    God:    Vehumet [......]
Gold:   230        SH:  0    Dex: 10    Spells: 8/18 levels left

rFire   . . .        r - +2 whip (elec)
rCold   . . .        (no shield)
rNeg    + . .        v - +3 leather armour
rPois   ∞            (no helmet)
rElec   +            (no cloak)
rCorr   .            (no gloves)
SInv    .            (no boots)
Will    +....        j - amulet of the acrobat
Stlth   ++           g - ring of willpower
HPRegen 0.27/turn    (no ring)
MPRegen 0.15/turn

%: acrobat
@: no status effects
A: sickness immunity, AC +5, negative energy resistance 1, electricity
resistance, torment resistance 1, petrification resistance
a: Renounce Religion


You were on level 5 of the Dungeon.
You worshipped Vehumet.
Vehumet was noncommittal.
You visited 2 branches of the dungeon, and saw 6 of its levels.

You collected 230 gold pieces.

Inventory:

Hand Weapons
 e - a +0 whip
 r - a +2 whip of electrocution (weapon)
Missiles
 s - a throwing net
Armour
 a - a +0 robe
 p - a +3 scale mail
 v - a +3 leather armour (worn)
 x - +0 swamp dragon scales
Jewellery
 g - a ring of willpower (left hand)
 j - an amulet of the acrobat (around neck)
Scrolls
 c - 8 scrolls of identify {unknown}
 d - 4 scrolls of teleportation {unknown}
 i - a scroll of fog {unknown}
 k - 2 scrolls of immolation {unknown}
 n - 2 scrolls of fear {unknown}
 q - a scroll of enchant armour {unknown}
 t - a scroll of amnesia {unknown}
 w - a scroll of blinking {unknown}
Potions
 f - a potion of mutation {unknown}
 h - 2 potions of curing {unknown}
 l - a potion of lignification {unknown}
 m - 2 potions of berserk rage {unknown}
 o - 2 potions of might {unknown}
 u - a potion of heal wounds {unknown}


   Skills:
 * Level 1.2 Fighting
 + Level 2.0 Maces & Flails
 + Level 0.1 Armour
 + Level 2.1 Dodging
 + Level 4.1 Stealth
 + Level 5.7 Spellcasting
 + Level 4.3 Conjurations
 + Level 6.4 Fire Magic


You had 8 spell levels left.
You knew the following spells:

 Your Spells              Type           Power      Damage    Failure   Level
a - Foxfire               Conj/Fire      92%        2x1d8     1%          1
b - Scorch                Fire           52%        2d7       1%          2
c - Volatile Blastmotes   Fire/Tloc      30%        2d12      14%         3
d - Flame Wave            Conj/Fire      23%        2d8       19%         4

Your spell library contained the following spells:

 Spells                   Type           Power      Damage    Failure   Level
 Inner Flame              Hex/Fire       15%        N/A       14%         3
 Ozocubu's Armour         Ice            4%         N/A       45%         3
 Portal Projectile        Hex/Tloc       8%         N/A       45%         3
 Tukima's Dance           Hex            4%         N/A       45%         3
 Blade Hands              Tmut           2%         N/A       99%         5
 Metabolic Englaciation   Hex/Ice        2%         N/A       99%         5
 Simulacrum               Ice/Necr       2%         N/A       100%        6


Dungeon Overview and Level Annotations

Branches:
Dungeon (5/15)             Temple (1/1) D:4

Altars:
Ashenzari
Cheibriados
Dithmenos
Elyvilon
Fedhas
Gozag
Hepliaklqana
Kikubaaqudgha
Nemelex Xobeh
Okawaru
Qazlal
Ru
Sif Muna
Trog
Uskayaw
Vehumet
Wu Jian
Xom
Yredelemnul
Zin
The Shining One

Shops:
D:1 ?[   D:4 =


Innate Abilities, Weirdness & Mutations

You are immune to sickness and miasma.
Your stone body is resilient. (AC +5)
You are immune to poison.
You resist negative energy. (rN+)
You are resistant to electric shocks. (rElec)
You are resistant to unholy torment.
You are immune to petrification.


Message History

Confirm with . or Enter, or press ? or * to list all spells.
Flames lash the orc.
You kill the orc!
Vehumet accepts your kill.
The orc warrior hits you with a +0 mace!
Unknown command.
There is an open door here.
The orc warrior attacks as you move away!
The orc warrior completely misses you.
The orc warrior attacks as you move away!
The orc warrior completely misses you.
The orc warrior attacks as you move away!
The orc warrior completely misses you.
The orc warrior attacks as you move away!
The orc warrior hits you with a +0 mace.
Casting: Scorch (safe; 1% risk of failure)
Confirm with . or Enter, or press ? or * to list all spells.
Flames lash the orc warrior.
The orc warrior is lightly wounded.
The orc warrior's fire resistance burns away.
The orc warrior hits you but does no damage.
Unknown command.
The orc warrior attacks as you move away!
The orc warrior barely misses you.
You hit the orc warrior but do no damage.
Lightning courses through the orc warrior!
You punch the orc warrior, but do no damage.
The orc warrior is severely wounded.
The orc warrior hits you with a +0 mace!
You barely miss the orc warrior.
The orc warrior is severely wounded.
The orc warrior hits you with a +0 mace!
You barely miss the orc warrior.
The orc warrior is severely wounded.
The orc warrior is no longer more vulnerable to fire.
The orc warrior hits you with a +0 mace!
* * * LOW HITPOINT WARNING * * *
Magic courses through your body.
The orc warrior hits you with a +0 mace.
You die...

###.........#.)......
#..........##.)......
#...........'.o......
#.......#.###........
#.......#.# #####....
#.......#.# ... #.......#o#
.. #######.#o####### .
#....@.......
########.#.###.############
#.....##.#.# #.#..........#
#.....##...###.#..........#
#..............#...........
###.........##.#...........
#.........##.#...........
#.........##.#........<..
#.........##<'..........#


You could see an orc warrior and an orc.

Vanquished Creatures
  Sigmund (D:3)
  Duvessa (D:4)
  An ogre (D:3)
  A phantom (D:5)
  A scorpion (D:5)
  Dowan (D:4)
  3 howler monkeys (D:3)
  3 hounds
  A jelly (D:4)
  2 orc priests
  Ijyb (D:5)
  Jessica (D:3)
  An orc wizard (D:4)
  A sleepcap (D:4)
  6 adders
  21 gnolls (D:3)
  3 worms
  20 orcs
  9 endoplasms
  5 giant cockroaches
  8 hobgoblins
  13 jackals
  6 kobolds
  10 quokkas
  7 ball pythons
  4 bats
  5 frilled lizards
  10 goblins
  4 rats
  A spectral hobgoblin (D:3)
151 creatures vanquished.

Vanquished Creatures (others)
  391 foxfires
  A fungus (D:3)
  A plant (D:3)
393 creatures vanquished.

Grand Total: 544 creatures vanquished

Notes
Turn   | Place    | Note
-------+----------+-------------------------------------------
     0 | D:1      | funkygono the Gargoyle Fire Elementalist began the quest
                  | for the Orb.
     0 | D:1      | Reached XP level 1. HP: 10/10 MP: 3/3
   173 | D:1      | Reached XP level 2. HP: 15/15 MP: 0/5
   302 | D:1      | Found Qaawank's Armour Shop.
   352 | D:1      | Learned a level 2 spell: Scorch
   838 | D:1      | Reached XP level 3. HP: 19/19 MP: 1/6
   904 | D:1      | Found Taodigos's Magic Scroll Shoppe.
  1585 | D:1      | Learned a level 3 spell: Volatile Blastmotes
  2291 | D:2      | Reached XP level 4. HP: 24/24 MP: 4/7
  2615 | D:2      | Reached skill level 4 in Fire Magic
  3180 | D:3      | Noticed Sigmund
  3184 | D:3      | Killed Sigmund
  3185 | D:3      | Reached skill level 1 in Maces & Flails
  3185 | D:3      | Reached XP level 5. HP: 28/28 MP: 3/10
  3185 | D:3      | Reached XP level 6. HP: 32/32 MP: 3/11
  3343 | D:3      | Found a faded altar of an unknown god.
  3765 | D:3      | Reached skill level 5 in Fire Magic
  3886 | D:3      | Reached XP level 7. HP: 37/37 MP: 8/13
  3923 | D:3      | Learned a level 4 spell: Flame Wave
  4705 | D:3      | Reached skill level 5 in Spellcasting
  5207 | D:3      | Noticed Jessica
  5210 | D:3      | Killed Jessica
  5731 | D:4      | Reached XP level 8. HP: 42/42 MP: 12/15
  6183 | D:4      | Reached skill level 6 in Fire Magic
  6471 | D:4      | Found Pehiloit's Jewellery Emporium.
  6591 | D:4      | Found a staircase to the Ecumenical Temple.
  6651 | Temple   | Entered the Ecumenical Temple
  6665 | Temple   | Became a worshipper of Vehumet
  7008 | D:4      | Noticed Dowan
  7015 | D:4      | Noticed Duvessa
  7044 | D:4      | Killed Duvessa
  7145 | D:4      | Killed Dowan
  7458 | D:5      | Entered Level 5 of the Dungeon
  7595 | D:5      | Reached skill level 1 in Fighting
  7669 | D:5      | Noticed Ijyb
  7678 | D:5      | Killed Ijyb
  7693 | D:5      | Slain by an orc warrior

Illustrated notes

Levels and vault maps discovered:
D:1:      amcnicky_arrival_feature_with_door, layout_basic, serial_shops,
          nicolae_shop_behind_doors, shop
D:2:      layout_loops_cross
D:3:      lemuel_castle_with_subvaults [lemuel_castle_interior_carwin_3],
          layout_loops_ring, dreamdust_ecumenical_altar_drowned_temple,
          uniq_sigmund, uniq_jessica
D:4:      layout_layer_cave, minmay_temple_entry_poolview, serial_shops, shop,
          uniq_duvessa
D:5:      layout_basic, serial_shops, shop, ebering_ghost_rock_garden,
          doesnt_shop_hydraphobe, uniq_ijyb
Temple:   regret_index_temple_sigil_plot

Skill      XL: |  1  2  3  4  5  6  7  8 |
---------------+-------------------------+-----
Fire Magic     | 4 5 6 |  6.4
Maces & Flails | 1 2 |  2.0
Stealth        | 3 4 |  4.1
Spellcasting   | 3 4 5 |  5.7
Conjurations   | 2 4 |  4.3
Dodging        | 2 |  2.1
Fighting       | 1 |  1.2
Armour         | |  0.1

Action                     |  1- 3 |  4- 6 |  7- 9 || total
---------------------------+-------+-------+-------++-------
  Melee: Dagger            |     2 |       |       ||     2
         Whip              |    11 |     7 |    61 ||    79
         Punch             |       |       |     1 ||     1
   Cast: Foxfire           |    53 |    53 |   120 ||   226
         Scorch            |    21 |    18 |    35 ||    74
    Use: Potion            |       |       |     1 ||     1
   Stab: Sleeping          |       |       |     1 ||     1
 Armour: Robe              |     5 |     7 |    12 ||    24
         Leather armour    |       |       |    11 ||    11
  Dodge: Dodged            |    10 |     4 |    50 ||    64
